[Event "Titled Tuesday Blitz February 14 Late 2023"]
[White "Vargas, Mauricio"]
[Black "Sariego Figueredo, Wilfredo"]
[WhiteFideId "4404572"]
[BlackFideId "3500080"]
[WhiteElo "2035"]
[BlackElo "2318"]
[Result "0-1"]
[Round "05"]
[TimeControl "180+2"]
[Date "2023.02.14"]
[WhiteClock "0:00:42"]
[BlackClock "0:00:49"]

1. e4 c5 2. Nc3 a6 3. f4 b5 4. Nf3 Bb7 5. d3 e6 6. g3 Nf6 7. Bg2 d5 8. e5 Nfd7 9. O-O Nc6 10. Ne2 Be7 11. c3 Rc8 12. Qe1 Qb6 13. Kh1 d4 14. g4 O-O 15. Ng3 Rfd8 16. g5 Nf8 17. Ne4 dxc3 18. bxc3 Rxd3 19. Qh4 Ng6 20. Qh5 Rcd8 21. Nf6+ Bxf6 22. gxf6 Rd1 23. Be3 Rxa1 24. Rxa1 Na5 25. Ng5 Bxg2+ 26. Kxg2 h6 27. fxg7 Kxg7 28. Ne4 Rd3 29. Re1 Rxe3 30. Rxe3 Nxf4+ 31. Kf3 Nxh5 32. Nf6 Nxf6 33. exf6+ Kxf6 0-1


[Site "https://www.chess.com"]

[Event "Titled Tuesday Blitz February 14 Late 2023"]
[White "Sjugirov, Sanan"]
[Black "Bortnyk, Olexandr"]
[WhiteFideId "4189302"]
[BlackFideId "14120828"]
[WhiteElo "2712"]
[BlackElo "2605"]
[Result "0-1"]
[Round "06"]
[TimeControl "180+2"]
[Date "2023.02.14"]
[WhiteClock "0:00:01"]
[BlackClock "0:00:19"]

1. d4 d6 2. Nf3 Nf6 3. c4 g6 4. g3 Bg7 5. Bg2 O-O 6. Nc3 Bf5 7. Qb3 Nc6 8. O-O Rb8 9. Bf4 Ne4 10. Be3 Nxc3 11. Qxc3 Be4 12. Rfd1 b5 13. cxb5 Rxb5 14. Rac1 Nb4 15. Qc4 c6 16. a4 Bd5 17. Qc3 Na2 18. Qc2 Bb3 19. Qd2 Rb6 20. Ra1 Bxd1 21. Qxd1 Nb4 22. Rc1 Nd5 23. Bd2 Rxb2 24. Rxc6 Qd7 25. Rc1 Rfb8 26. Ne1 Nb4 27. Bc3 Ra2 28. Rb1 Qxa4 29. Qc1 Rxe2 30. Nd3 a5 31. Nf4 Rc2 32. Qe1 Qa2 33. Bxb4 axb4 34. Nd5 Bxd4 35. Kh1 Rxf2 36. Nxe7+ Kg7 37. Nc6 Re8 0-1


[Site "https://www.chess.com"]

[Event "Titled Tuesday Blitz February 14 Late 2023"]
[White "Livaic, Leon"]
[Black "Perez Ponsa, Federico"]
[WhiteFideId "14531534"]
[BlackFideId "117927"]
[WhiteElo "2579"]
[BlackElo "2532"]
[Result "1-0"]
[Round "06"]
[TimeControl "180+2"]
[Date "2023.02.14"]
[WhiteClock "0:00:08"]
[BlackClock "0:00:02"]

1. d4 d5 2. c4 e6 3. Nc3 a6 4. cxd5 exd5 5. Nf3 Nf6 6. Bg5 Be6 7. Bxf6 Qxf6 8. Qb3 Ra7 9. g3 Qd8 10. h4 Nd7 11. Ng5 Nf6 12. Nxe6 fxe6 13. Bh3 Qd6 14. e3 e5 15. dxe5 Qxe5 16. O-O-O c6 17. e4 d4 18. f4 Qc5 19. Kb1 Qb4 20. Qxb4 Bxb4 21. Rxd4 c5 22. Rd6 b5 23. e5 Bxc3 24. bxc3 Ne4 25. Rc6 Ke7 26. Kc2 Rd8 27. Re1 Rd2+ 28. Kc1 Rh2 29. Rxe4 Rxh3 30. Rxc5 Rxg3 31. f5 Rf3 32. e6 g6 33. fxg6 hxg6 34. h5 Rf5 35. Rxf5 gxf5 36. Re1 Ra8 37. Kd2 Rh8 38. Rh1 Kxe6 39. Ke3 Ke5 40. h6 f4+ 41. Kf3 Kf5 42. h7 Kg6 43. Kxf4 Kg7 44. Kg5 a5 45. a3 Kf7 46. Kh6 Ke6 47. Kg7 Rc8 48. h8=Q Rxh8 49. Kxh8 Kd5 50. Rh4 Kc5 51. Kg7 1-0


[Site "https://www.chess.com"]

[Event "Titled Tuesday Blitz February 14 Late 2023"]
[White "Yu, Yangyi"]
[Black "Indjic, Aleksandar"]
[WhiteFideId "8603820"]
[BlackFideId "911925"]
[WhiteElo "2729"]
[BlackElo "2618"]
[Result "1-0"]
[Round "06"]
[TimeControl "180+2"]
[Date "2023.02.14"]
[WhiteClock "0:00:10"]
[BlackClock "0:00:01"]

1. Nf3 d5 2. g3 c6 3. Bg2 Bg4 4. h3 Bh5 5. O-O Nd7 6. d4 e6 7. c4 Ngf6 8. cxd5 exd5 9. Ne5 Bg6 10. Nc3 Bd6 11. f4 Be4 12. Bxe4 Nxe4 13. Nxe4 dxe4 14. Qb3 Bxe5 15. fxe5 O-O 16. Qxb7 Nb6 17. Be3 Nd5 18. Bc1 Nb6 19. e3 Qg5 20. Kg2 Nd5 21. Qxc6 Rac8 22. Qxd5 Rc2+ 23. Rf2 Rxf2+ 24. Kxf2 Qf5+ 25. Ke1 Rc8 26. Qb7 h5 27. Bd2 Qxh3 28. Qxe4 Qxg3+ 29. Ke2 h4 30. Rf1 h3 31. e6 f6 32. Qf3 Qg6 33. Qf5 Qg2+ 34. Rf2 Qh1 35. e7 Re8 36. Qe6+ Kh7 37. Qf7 Rxe7 38. Qxe7 h2 39. Qd6 1-0


[Site "https://www.chess.com"]

[Event "Titled Tuesday Blitz February 14 Late 2023"]
[White "Terry, Renato"]
[Black "Mamedov, Rauf"]
[WhiteFideId "3803457"]
[BlackFideId "13401653"]
[WhiteElo "2520"]
[BlackElo "2646"]
[Result "1/2-1/2"]
[Round "06"]
[TimeControl "180+2"]
[Date "2023.02.14"]
[WhiteClock "0:00:40"]
[BlackClock "0:00:24"]

1. Nf3 c5 2. e3 Nf6 3. b3 g6 4. Bb2 Bg7 5. g3 O-O 6. Bg2 d5 7. O-O Nc6 8. Ne5 Qc7 9. Nxc6 bxc6 10. d3 Bg4 11. Qe1 e5 12. Nc3 Rfe8 13. h3 Be6 14. Na4 Nd7 15. c4 d4 16. Ba3 Bf8 17. Qd2 Rad8 18. Rae1 h5 19. e4 h4 20. g4 Be7 21. Kh1 g5 22. Rb1 a5 23. Bf3 f6 24. Rfe1 Qa7 25. Bg2 Nf8 26. f3 Ng6 27. Bf1 Nf4 28. Qc2 Rb8 29. Kh2 Bd6 30. Kh1 Ng6 31. Bc1 Nf8 32. Ba3 Nd7 33. Qd2 Rb7 34. Qc2 Ra8 35. Be2 Qb8 36. Kg2 Qf8 37. Bf1 Nb6 38. Rb2 Qe7 39. Be2 Nd7 40. Reb1 Nf8 41. Qd2 Nd7 42. Bf1 Qf8 43. Rc2 Qe7 44. Qe1 Qf8 45. Kh2 Qe7 46. Be2 Qf8 47. Bc1 Qd8 48. Bd2 Qc7 49. Kg2 Kf7 50. Bf1 Ke7 51. Qc1 Qd8 52. Qa3 Qc7 53. Qc1 Qd8 54. Rcb2 Qc7 55. Qc2 Kf7 56. Re1 Kg6 57. Reb1 Kg7 58. Qc1 Be7 59. Qe1 Nf8 60. Be2 Ng6 61. Kh2 Bd6 62. Bf1 Kf7 63. Kh1 Ke7 64. Qc1 Kf7 65. Qd1 Kg7 66. Rc2 Kf7 67. Bc1 Kg7 68. Ba3 Qe7 69. Qe1 Nf4 70. Qd2 Bf7 71. Qe1 Be6 72. Qd2 Bf7 73. Qe1 Be6 1/2-1/2


[Site "https://www.chess.com"]

[Event "Titled Tuesday Blitz February 14 Late 2023"]
[White "Melkumyan, Hrant"]
[Black "Bluebaum, Matthias"]
[WhiteFideId "13302485"]
[BlackFideId "24651516"]
[WhiteElo "2645"]
[BlackElo "2669"]
[Result "0-1"]
[Round "06"]
[TimeControl "180+2"]
[Date "2023.02.14"]
[WhiteClock "0:00:05"]
[BlackClock "0:00:10"]

1. d4 d5 2. Bf4 c5 3. e3 Nc6 4. Nf3 e6 5. Nbd2 Bd6 6. dxc5 Bxf4 7. exf4 Qf6 8. Bb5 Qxf4 9. O-O Nf6 10. c4 O-O 11. cxd5 exd5 12. Bd3 Qb4 13. Qc1 Nd7 14. Qc2 h6 15. Rac1 Nde5 16. a3 Qf4 17. Rfe1 Bg4 18. Nxe5 Nxe5 19. Nf1 Rac8 20. b4 b6 21. Ne3 Rfd8 22. Bf5 Bxf5 23. Qxf5 Ng6 24. g3 Qxf5 25. Nxf5 bxc5 26. bxc5 d4 27. Red1 Rd5 28. Ne3 Rdxc5 29. Rxc5 Rxc5 30. Rxd4 Ra5 31. a4 Ne5 32. Kg2 Nc6 33. Rc4 Ne5 34. Rd4 Nc6 35. Re4 Kf8 36. h4 h5 37. Nd1 Rc5 38. Nb2 g6 39. Nd3 Rd5 40. Rc4 Na5 41. Rc8+ Kg7 42. Nf4 Rd7 43. Rc5 Nb3 44. Rb5 Nd4 45. Rb4 Nc6 46. Rc4 Ne5 47. Rc5 Ng4 48. Ra5 Rd2 49. Nh3 Rd7 50. Rb5 Nf6 51. Ng5 Nd5 52. a5 Nc3 53. Rc5 Nd5 54. a6 Nb4 55. Ra5 Nc6 56. Rb5 Rc7 57. Ne4 Kf8 58. Nc5 Ke7 59. Nd3 Kd6 60. Nf4 Ne7 61. Rb8 Rc6 62. Rd8+ Kc7 63. Rf8 Rxa6 64. Rxf7 Kd8 65. Rg7 Rb6 66. Rh7 Rd6 67. Rh8+ Kd7 68. Ra8 a6 69. Ra7+ Ke8 70. Nh3 Rb6 71. Ng5 Nc6 72. Ra8+ Kd7 73. Ne4 Kc7 74. Nc5 Nb8 75. Ra7+ Kc6 76. Nd3 Kb5 77. Rc7 Nc6 78. Nf4 a5 79. Rc8 Rb8 80. Rxb8+ Nxb8 81. Kf1 a4 82. Ne2 a3 83. Ke1 Kc4 84. Kd2 a2 85. Nf4 a1=Q 86. Ke3 Qc3+ 87. Ke2 Nc6 88. Nxg6 Nd4+ 89. Kf1 Qd3+ 90. Kg2 Qxg6 0-1


[Site "https://www.chess.com"]

[Event "Titled Tuesday Blitz February 14 Late 2023"]
[White "Madaminov, Mukhiddin"]
[Black "Hakobyan, Aram"]
[WhiteFideId "14210703"]
[BlackFideId "13306677"]
[WhiteElo "2422"]
[BlackElo "2608"]
[Result "0-1"]
[Round "06"]
[TimeControl "180+2"]
[Date "2023.02.14"]
[WhiteClock "0:00:04"]
[BlackClock "0:00:39"]

1. d4 g6 2. Nc3 d5 3. Bf4 Nf6 4. Qd2 Bf5 5. Nf3 c6 6. Ne5 Nbd7 7. f3 h5 8. O-O-O Bg7 9. Qe1 O-O 10. e4 dxe4 11. fxe4 Be6 12. h3 Qa5 13. a3 Nxe5 14. Bxe5 Rfd8 15. Be2 b5 16. g4 b4 17. axb4 Qxb4 18. g5 Rab8 19. Bxb8 Rxb8 20. Qg3 Qxb2+ 21. Kd2 Qxc3+ 22. Qxc3 Nxe4+ 23. Kd3 Nxc3 24. Kxc3 c5 25. Rb1 Rd8 26. Kd2 Bxd4 27. h4 c4 28. Bf3 c3+ 29. Ke1 Bf5 30. Ke2 Bxc2 31. Rbc1 Bb3 32. Be4 a5 33. Bc2 a4 34. Rhd1 e5 35. Bxb3 axb3 36. Rxc3 Rb8 37. Rcc1 b2 38. Ra1 bxa1=Q 0-1


[Site "https://www.chess.com"]

[Event "Titled Tuesday Blitz February 14 Late 2023"]
[White "Li, Ruifeng"]
[Black "Nakamura, Hikaru"]
[WhiteFideId "2061074"]
[BlackFideId "2016192"]
[WhiteElo "2541"]
[BlackElo "2775"]
[Result "1/2-1/2"]
[Round "06"]
[TimeControl "180+2"]
[Date "2023.02.14"]
[WhiteClock "0:00:05"]
[BlackClock "0:00:05"]

1. b3 c5 2. Bb2 d6 3. e3 e5 4. d4 Qa5+ 5. Qd2 Qxd2+ 6. Nxd2 f6 7. dxc5 dxc5 8. O-O-O Be6 9. Bc4 Kf7 10. Ne2 Nh6 11. h3 Nc6 12. g4 Na5 13. Bxe6+ Kxe6 14. Bc3 Nc6 15. a4 Nf7 16. Nc4 Nd6 17. Nxd6 Bxd6 18. Ng3 g6 19. Ne4 Be7 20. f4 f5 21. Ng3 Rhg8 22. Rhf1 Raf8 23. Kb2 Bf6 24. gxf5+ gxf5 25. Nxf5 Rd8 26. Rxd8 Rxd8 27. Ng3 exf4 28. exf4 Bxc3+ 29. Kxc3 Rg8 30. Re1+ Kd5 31. Nf5 Rf8 32. Ne3+ Kd6 33. f5 Nd4 34. Rf1 h5 35. Kd3 Ke5 36. Nc4+ Kf6 37. Nd6 b6 38. Ne4+ Ke5 39. f6 Nf5 40. Re1 Kf4 41. Rf1+ Ke5 42. Re1 Kf4 43. Nc3 Rd8+ 44. Kc4 Nd6+ 45. Kd5 Nf5+ 46. Kc6 Nd4+ 47. Kc7 Rf8 48. Nd5+ Kf5 49. Kd7 Kg6 50. Ke7 Rb8 51. Rg1+ Kf5 52. f7 Rb7+ 53. Kd6 Rxf7 54. Rf1+ Kg6 55. Ne7+ Kg7 56. Rg1+ Kh7 57. Nd5 Nxc2 58. Ke6 Rg7 59. Nf6+ Kh8 60. Rxg7 Kxg7 61. Nxh5+ Kh6 62. Nf4 Nd4+ 63. Kd5 Nxb3 64. Ne6 Kg6 65. Nd8 Na5 66. Ne6 Kf5 67. h4 Kg4 68. Nf8 c4 69. Kd4 Kxh4 70. Ng6+ Kg3 71. Ne5 Kf4 72. Nxc4 Nc6+ 73. Kd5 Nb4+ 74. Kd6 Ke4 75. Kc7 Nd5+ 76. Kc6 Kd4 77. Nd6 Nc3 78. Nb5+ Nxb5 79. Kxb5 Kc3 80. a5 Kb3 81. axb6 axb6 82. Kxb6 1/2-1/2


[Site "https://www.chess.com"]

[Event "Titled Tuesday Blitz February 14 Late 2023"]
[White "Andreikin, Dmitry"]
[Black "Makridis, Dimitrios"]
[WhiteFideId "4158814"]
[BlackFideId "25864475"]
[WhiteElo "2729"]
[BlackElo "2356"]
[Result "1-0"]
[Round "06"]
[TimeControl "180+2"]
[Date "2023.02.14"]
[WhiteClock "0:00:18"]
[BlackClock "0:00:02"]

1. c4 c5 2. Nf3 Nf6 3. g3 Nc6 4. Bg2 g6 5. d4 cxd4 6. Nxd4 Bg7 7. Nc2 O-O 8. Nc3 d6 9. O-O Be6 10. b3 Rc8 11. Bb2 Ne5 12. Nd4 Bd7 13. Rc1 Nc6 14. Qd2 Nxd4 15. Qxd4 Bc6 16. Qxa7 Ng4 17. Bxc6 bxc6 18. h3 Ra8 19. Qb7 Ne5 20. Rfd1 Nxc4 21. bxc4 Rb8 22. Qxc6 Rxb2 23. c5 Qc8 24. Nd5 Qe6 25. cxd6 exd6 26. Nf4 Qxa2 27. Qd5 Be5 28. Qxa2 Rxa2 29. e3 Rb8 30. Nd3 Kg7 31. Kg2 Rb7 32. Kf3 h5 33. g4 hxg4+ 34. hxg4 Bf6 35. Rc8 Rba7 36. Rh1 Ra8 37. Rc6 d5 38. Nf4 d4 39. Nd5 Be5 40. g5 dxe3 41. fxe3 R2a5 42. Nf6 Bxf6 43. gxf6+ Kg8 44. e4 Re8 45. Kf4 Rae5 46. Re1 R5e6 47. Rxe6 Rxe6 48. e5 Re8 49. Kg5 Kf8 50. Kh6 Kg8 51. Rc1 Kf8 52. Rc5 Kg8 53. e6 fxe6 54. Kxg6 Rf8 55. Rc7 Rd8 56. Rg7+ Kf8 57. Rh7 1-0


[Site "https://www.chess.com"]

[Event "Titled Tuesday Blitz February 14 Late 2023"]
[White "Pichot, Alan"]
[Black "Sarana, Alexey"]
[WhiteFideId "110973"]
[BlackFideId "24133795"]
[WhiteElo "2638"]
[BlackElo "2685"]
[Result "1-0"]
[Round "06"]
[TimeControl "180+2"]
[Date "2023.02.14"]
[WhiteClock "0:00:39"]
[BlackClock "0:00:14"]

1. e4 c5 2. Nf3 d6 3. Bb5+ Bd7 4. Bxd7+ Nxd7 5. O-O e6 6. c3 Ngf6 7. Re1 Be7 8. d4 O-O 9. dxc5 Nxc5 10. Qc2 b5 11. Bf4 Rc8 12. Nbd2 Qb6 13. e5 dxe5 14. Nxe5 Rfd8 15. Ndf3 b4 16. h3 bxc3 17. bxc3 h6 18. Rab1 Qa6 19. Red1 Rxd1+ 20. Rxd1 Nd5 21. Bd2 Bf6 22. c4 Nb6 23. Ng4 Qxc4 24. Qxc4 Nxc4 25. Nxf6+ gxf6 26. Bxh6 a5 27. Rc1 Nd3 28. Rc3 Nb4 29. Nd2 Nd6 30. Rxc8+ Nxc8 31. a3 Nd3 32. Nc4 a4 33. Kf1 Na7 34. Ke2 Ne5 35. Nxe5 fxe5 36. Kd3 Nb5 37. Bc1 Nd6 38. Kc3 Ne4+ 39. Kb4 Nxf2 40. Kxa4 f5 41. Kb5 Kf7 42. a4 Ke7 43. Kc6 Nd3 44. Ba3+ Kd8 45. Kb7 e4 46. a5 e3 47. a6 e2 48. a7 e1=Q 49. a8=Q+ Kd7 50. Qc8# 1-0


[Site "https://www.chess.com"]

[Event "Titled Tuesday Blitz February 14 Late 2023"]
[White "Acor, Corey"]
[Black "Paravyan, David"]
[WhiteFideId "2024861"]
[BlackFideId "4194985"]
[WhiteElo "2216"]
[BlackElo "2601"]
[Result "0-1"]
[Round "06"]
[TimeControl "180+2"]
[Date "2023.02.14"]
[WhiteClock "0:02:15"]
[BlackClock "0:02:25"]

1. e4 e5 2. Nc3 Nf6 3. g3 d5 4. exd5 Nxd5 5. Bg2 Nxc3 6. bxc3 Nc6 7. Nf3 Bc5 8. O-O O-O 9. Re1 Bg4 10. h3 Bh5 11. g4 Bg6 12. d3 e4 13. Nh2 exd3 14. cxd3 Bxd3 15. Qb3 Bxf2+ 16. Kxf2 Qh4+ 17. Ke3 Qxe1+ 18. Kxd3 Qg3+ 0-1


[Site "https://www.chess.com"]

[Event "Titled Tuesday Blitz February 14 Late 2023"]
[White "Pakleza, Zbigniew"]
[Black "Salem, A.R. Saleh"]
[WhiteFideId "1119290"]
[BlackFideId "9301348"]
[WhiteElo "2494"]
[BlackElo "2677"]
[Result "1-0"]
[Round "06"]
[TimeControl "180+2"]
[Date "2023.02.14"]
[WhiteClock "0:00:40"]
[BlackClock "0:00:02"]

1. d4 Nf6 2. Nf3 g6 3. Bf4 Bg7 4. e3 O-O 5. Be2 c5 6. c3 Qb6 7. Qb3 d6 8. Nbd2 Be6 9. Bc4 Bxc4 10. Nxc4 Qa6 11. a4 Rc8 12. Nfd2 cxd4 13. exd4 Nd5 14. Bg3 Nb6 15. Ne3 N8d7 16. Qb5 Qxb5 17. axb5 a6 18. bxa6 Rxa6 19. Rxa6 bxa6 20. Ke2 Na4 21. Rb1 Ndb6 22. Kd3 f5 23. f4 e5 24. fxe5 dxe5 25. Bxe5 Bxe5 26. dxe5 Nc5+ 27. Kc2 Nbd7 28. Nec4 Ne6 29. Ra1 Rc6 30. b3 g5 31. Nf3 f4 32. Nd4 Nxd4+ 33. cxd4 Rh6 34. h3 Rg6 35. Kd3 h5 36. Ke4 Kg7 37. b4 Nb8 38. d5 g4 39. hxg4 Rxg4 40. Nd6 Nd7 41. Nf5+ Kf8 42. e6 f3+ 43. Ke3 Ne5 44. gxf3 Rxb4 45. Rxa6 Rb5 46. Ra8+ 1-0


[Site "https://www.chess.com"]

[Event "Titled Tuesday Blitz February 14 Late 2023"]
[White "Fedoseev, Vladimir"]
[Black "Mekhitarian, Krikor Sevag"]
[WhiteFideId "24130737"]
[BlackFideId "2107660"]
[WhiteElo "2680"]
[BlackElo "2537"]
[Result "0-1"]
[Round "06"]
[TimeControl "180+2"]
[Date "2023.02.14"]
[WhiteClock "0:00:04"]
[BlackClock "0:00:14"]

1. e4 c5 2. Nf3 d6 3. Bb5+ Nd7 4. d4 cxd4 5. Qxd4 a6 6. Be2 Ngf6 7. O-O e5 8. Qe3 Be7 9. c4 O-O 10. Nc3 b6 11. Nh4 g6 12. g3 Re8 13. Rd1 Bb7 14. f3 Nc5 15. Qf2 Rc8 16. Be3 Nfd7 17. Ng2 Ne6 18. Rd2 Bf8 19. Rad1 Ra8 20. Nd5 Bxd5 21. cxd5 Nd4 22. Bxd4 exd4 23. Qxd4 Bg7 24. Qf2 Nc5 25. Bd3 Qd7 26. Bb1 a5 27. Ne3 b5 28. Kg2 a4 29. h4 h5 30. Re2 Qe7 31. Nf1 b4 32. Nh2 b3 33. a3 Rac8 34. f4 Qb7 35. Nf3 Nd7 36. Kh3 Nf6 37. Kg2 Ng4 38. Qe1 Qb6 39. e5 Rcd8 40. e6 f5 41. Ng5 Re7 42. Nf7 Rc8 43. Qb4 Ne3+ 44. Rxe3 Qxe3 45. Re1 Qd4 46. Qxd4 Bxd4 47. Nxd6 Rd8 48. Nb5 Rxd5 49. Bd3 Bxb2 50. Bc4 Rd2+ 51. Kh3 Kg7 52. Re3 Bd4 53. Bxb3 Bxe3 54. Bxa4 Rxe6 55. Nc7 Re7 56. Ne8+ Rxe8 57. Bxe8 Bg1 0-1


[Site "https://www.chess.com"]

[Event "Titled Tuesday Blitz February 14 Late 2023"]
[White "Deac, Bogdan-Daniel"]
[Black "Christiansen, Johan-Sebastian"]
[WhiteFideId "1226380"]
[BlackFideId "1512668"]
[WhiteElo "2700"]
[BlackElo "2579"]
[Result "1/2-1/2"]
[Round "06"]
[TimeControl "180+2"]
[Date "2023.02.14"]
[WhiteClock "0:00:03"]
[BlackClock "0:00:02"]

1. h3 e5 2. c4 Nc6 3. d3 Bc5 4. e3 d6 5. a3 a6 6. Nc3 Ba7 7. g3 h5 8. h4 Bg4 9. Be2 Nf6 10. Nf3 Qd7 11. Ng5 O-O 12. b4 Ne7 13. Bb2 c6 14. Nce4 Nxe4 15. dxe4 f6 16. Nf3 f5 17. Nxe5 Qe6 18. Nxg4 fxg4 19. Qc2 Ng6 20. c5 Ne5 21. Rd1 dxc5 22. bxc5 Nf3+ 23. Bxf3 Rxf3 24. Rd6 Qf7 25. Qd2 Bxc5 26. Rd7 Be7 27. Be5 Qe6 28. Bf4 Qxe4 29. O-O Rf8 30. Rxb7 Bxh4 31. Rb4 Qe7 32. gxh4 Qxh4 33. Qa2+ Kh8 34. Qe2 Qh3 35. Rb7 h4 36. Qb2 Rg8 37. Qe2 Kh7 38. Be5 Kh6 39. Bf4+ Kh7 40. Be5 Rf5 41. Rc7 Rxe5 42. Qc2+ Kh6 43. Qxc6+ g6 44. Qf6 Rf5 45. Qe7 g3 46. Qh7+ Kg5 47. Qe7+ Kh5 48. Qh7+ Kg5 49. Qe7+ Kh5 50. Qh7+ Kg5 1/2-1/2


[Site "https://www.chess.com"]

[Event "Titled Tuesday Blitz February 14 Late 2023"]
[White "Lenderman, Aleksandr"]
[Black "Tsaruk, Maksim"]
[WhiteFideId "2021285"]
[BlackFideId "13511173"]
[WhiteElo "2572"]
[BlackElo "2373"]
[Result "1-0"]
[Round "06"]
[TimeControl "180+2"]
[Date "2023.02.14"]
[WhiteClock "0:01:20"]
[BlackClock "0:00:05"]

1. Nf3 d5 2. b3 Nf6 3. Bb2 Bf5 4. Nh4 Bg6 5. Nxg6 hxg6 6. g3 c6 7. Bg2 Nbd7 8. c4 e6 9. O-O Bd6 10. d3 g5 11. Nd2 g4 12. e4 dxe4 13. Nxe4 Nxe4 14. dxe4 Be5 15. Qe2 Qf6 16. Bxe5 Nxe5 17. f4 gxf3 18. Bxf3 O-O-O 19. Rad1 Rxd1 20. Qxd1 Qh6 21. Qe2 Rd8 22. Rd1 Rxd1+ 23. Qxd1 Qd2 24. Qe2 a5 25. Kg2 Qd4 26. h4 Kc7 27. h5 Kd6 28. g4 f6 29. Kg3 Qg1+ 30. Bg2 Qc1 31. Qf2 Qc3+ 32. Kh4 Ke7 33. g5 fxg5+ 34. Kxg5 Qc1+ 35. Kh4 Qh6 36. Qc5+ Kf6 37. Qf8+ Nf7 38. e5+ Kxe5 39. Qxf7 Kd4 40. Qg6 Qf4+ 41. Qg4 e5 42. Qxf4+ exf4 43. Kg5 Ke3 44. Kg6 f3 45. Bxf3 1-0


[Site "https://www.chess.com"]

[Event "Titled Tuesday Blitz February 14 Late 2023"]
[White "Chigaev, Maksim"]
[Black "Fernandez Guillen, Ernesto J."]
[WhiteFideId "4108116"]
[BlackFideId "3512428"]
[WhiteElo "2628"]
[BlackElo "2477"]
[Result "0-1"]
[Round "06"]
[TimeControl "180+2"]
[Date "2023.02.14"]
[WhiteClock "0:00:07"]
[BlackClock "0:00:12"]

1. e4 e5 2. Nf3 Nc6 3. Bc4 g6 4. d4 exd4 5. Nxd4 Bg7 6. Nxc6 bxc6 7. O-O Ne7 8. Nc3 O-O 9. Be3 d6 10. Bd4 Be6 11. Bxg7 Kxg7 12. Re1 Bxc4 13. Qd4+ Kg8 14. Qxc4 Qc8 15. Rad1 Qe6 16. Qd4 c5 17. Qd2 Rab8 18. b3 Rfe8 19. h3 Kg7 20. Qd3 Rb4 21. Qa6 Ra8 22. Qa5 Qc8 23. Qa3 Qe6 24. Qc1 a5 25. e5 d5 26. Na4 Qc6 27. e6 f6 28. c3 Rxa4 29. bxa4 Qxa4 30. h4 h5 31. Qe3 Qc6 32. Qf4 Rd8 33. a4 Qd6 34. Qd2 Nf5 35. c4 d4 36. Qxa5 Re8 37. g3 Nxg3 38. Qb5 Re7 39. Qb7 Nf5 40. Qd5 Qf4 41. Qxc5 Qg4+ 42. Kf1 Qh3+ 43. Ke2 Rxe6+ 44. Kd2 Qc3# 0-1


[Site "https://www.chess.com"]

[Event "Titled Tuesday Blitz February 14 Late 2023"]
[White "Zhigalko, Sergei"]
[Black "Nasuta, Grzegorz"]
[WhiteFideId "13502956"]
[BlackFideId "1141686"]
[WhiteElo "2572"]
[BlackElo "2552"]
[Result "1-0"]
[Round "06"]
[TimeControl "180+2"]
[Date "2023.02.14"]
[WhiteClock "0:00:49"]
[BlackClock "0:00:14"]

1. e4 c5 2. Nf3 d6 3. d4 cxd4 4. Qxd4 Nc6 5. Bb5 Bd7 6. Bxc6 Bxc6 7. Nc3 Nf6 8. Bg5 e6 9. O-O-O Be7 10. Rhe1 O-O 11. Kb1 h6 12. Bh4 b5 13. Bxf6 Bxf6 14. Qxd6 Qb6 15. Ne5 Bxe5 16. Qxe5 Qxf2 17. Nxb5 Bxb5 18. Qxb5 Qxg2 19. Qe5 Rac8 20. Rc1 Qf2 21. Rf1 Qc5 22. Qg3 Qd4 23. Rg1 Rc5 24. Qf4 Qe5 25. Qxh6 Rb8 26. b3 a5 27. Rg2 Rc3 28. Rcg1 1-0


[Site "https://www.chess.com"]

[Event "Titled Tuesday Blitz February 14 Late 2023"]
[White "Makarian, Rudik"]
[Black "Barp, Alberto"]
[WhiteFideId "44105681"]
[BlackFideId "872555"]
[WhiteElo "2545"]
[BlackElo "2432"]
[Result "0-1"]
[Round "06"]
[TimeControl "180+2"]
[Date "2023.02.14"]
[WhiteClock "0:00:09"]
[BlackClock "0:00:18"]

1. d4 Nf6 2. c4 e6 3. Nf3 b6 4. g3 Ba6 5. b3 Bb4+ 6. Bd2 Be7 7. Bg2 d5 8. cxd5 exd5 9. O-O O-O 10. Nc3 Re8 11. Bf4 Bb4 12. Qc2 c5 13. Rfc1 Nc6 14. e3 Rc8 15. dxc5 Bxc5 16. Qf5 d4 17. Rd1 d3 18. Ne5 Ne7 19. Qh3 Ng6 20. Nxd3 Bxd3 21. Bg5 Be7 22. Rac1 Ne5 23. e4 Nfg4 24. Bxe7 Qxe7 25. f3 Qc5+ 0-1


[Site "https://www.chess.com"]

[Event "Titled Tuesday Blitz February 14 Late 2023"]
[White "Urazayev, Arystanbek"]
[Black "Stoyanov, Tsvetan"]
[WhiteFideId "13709810"]
[BlackFideId "2917173"]
[WhiteElo "2460"]
[BlackElo "2454"]
[Result "1-0"]
[Round "06"]
[TimeControl "180+2"]
[Date "2023.02.14"]
[WhiteClock "0:00:06"]
[BlackClock "0:00:03"]

1. e4 c5 2. Nf3 d6 3. d4 cxd4 4. Nxd4 Nf6 5. Nc3 a6 6. Be2 e5 7. Nb3 Be6 8. f4 exf4 9. Bxf4 Nc6 10. Qd2 d5 11. O-O-O Nxe4 12. Nxe4 dxe4 13. Qe3 Qf6 14. Rhf1 Be7 15. Qxe4 Bf5 16. Qe3 O-O 17. g4 Bg6 18. g5 Qe6 19. h4 Qxe3+ 20. Bxe3 Nb4 21. Rd7 Rfe8 22. Bd2 Rac8 23. c3 Nxa2+ 24. Kd1 Be4 25. Nd4 b5 26. Rf4 Bc5 27. Rfxf7 Bxd4 28. cxd4 Bc2+ 29. Ke1 Bd3 30. Rxg7+ Kh8 31. Rge7 Bf5 32. Ra7 Rxe7 33. Rxe7 Nc1 34. Bxc1 Rxc1+ 35. Kd2 Rc2+ 36. Ke3 Rxb2 37. d5 Rb3+ 38. Kd4 Rb4+ 39. Kc5 Re4 40. Rxe4 Bxe4 41. d6 Bf5 42. Bd3 Bd7 43. Be4 Kg7 44. Bc6 Bf5 45. Bb7 h6 46. Bxa6 hxg5 47. hxg5 Kg6 48. Bxb5 Kxg5 49. Bd3 Bd7 50. Kb6 Kf6 51. Kc7 Be6 52. Bc4 Bf5 53. Ba6 Ke5 54. Bb5 Be6 55. Bd7 Bd5 56. Bh3 1-0


[Site "https://www.chess.com"]

[Event "Titled Tuesday Blitz February 14 Late 2023"]
[White "Jaracz, Pawel"]
[Black "Kamsky, Gata"]
[WhiteFideId "1102222"]
[BlackFideId "2000024"]
[WhiteElo "2467"]
[BlackElo "2665"]
[Result "1-0"]
[Round "06"]
[TimeControl "180+2"]
[Date "2023.02.14"]
[WhiteClock "0:00:03"]
[BlackClock "0:00:02"]

1. e4 g6 2. d4 Bg7 3. Nc3 d6 4. Be3 a6 5. g4 b5 6. Bg2 Bb7 7. h4 h6 8. g5 h5 9. Nge2 e6 10. Qd2 Ne7 11. O-O-O Nd7 12. d5 exd5 13. Nxd5 Bxd5 14. exd5 Ne5 15. b3 O-O 16. Be4 Qd7 17. Nd4 Ng4 18. Bf4 Rfe8 19. f3 Ne5 20. Bg3 Nf5 21. Bxf5 gxf5 22. Rhe1 a5 23. Kb1 a4 24. Qf4 axb3 25. cxb3 c5 26. dxc6 Nxc6 27. Nxf5 Rxe1 28. Rxe1 Be5 29. Qe4 Qa7 30. Re2 Bxg3 31. Nxg3 Qg1+ 32. Kb2 Qxg3 33. Qxc6 Rf8 34. Qe4 Rc8 35. Rd2 Qg1 36. Rc2 Rb8 37. a3 1-0


[Site "https://www.chess.com"]

[Event "Titled Tuesday Blitz February 14 Late 2023"]
[White "Samsonkin, Artiom"]
[Black "Sokolovsky, Yahli"]
[WhiteFideId "13503111"]
[BlackFideId "2820242"]
[WhiteElo "2420"]
[BlackElo "2461"]
[Result "1-0"]
[Round "06"]
[TimeControl "180+2"]
[Date "2023.02.14"]
[WhiteClock "0:00:18"]
[BlackClock "0:00:02"]

1. d4 d5 2. Nf3 c6 3. c4 Nf6 4. Nc3 e6 5. e3 Bb4 6. Qc2 Nbd7 7. a3 Bxc3+ 8. bxc3 O-O 9. cxd5 exd5 10. Bd3 Re8 11. O-O Ne4 12. c4 Nb6 13. Ne5 f6 14. cxd5 cxd5 15. f3 fxe5 16. fxe4 h6 17. dxe5 d4 18. Bb2 dxe3 19. Rae1 Be6 20. Rxe3 Rc8 21. Qe2 Nc4 22. Rg3 Qb6+ 23. Rf2 Nxb2 24. Qxb2 Rf8 25. Qxb6 Rc1+ 26. Bf1 axb6 27. Rxf8+ Kxf8 28. Kf2 Rc2+ 29. Ke1 Ra2 30. Rg6 Kf7 31. Rg3 Ra1+ 32. Kf2 Ra2+ 33. Kg1 Ra1 34. Rc3 b5 35. Kf2 Kg6 36. Bxb5 Ra2+ 37. Kg3 Rd2 38. a4 Rb2 39. Rc7 Rb3+ 40. Kf2 Rb2+ 41. Ke3 Rb3+ 42. Kd4 Bg4 43. h3 Bd1 44. Rxb7 Rb4+ 45. Kc5 Rxe4 46. Bd3 1-0


[Site "https://www.chess.com"]

[Event "Titled Tuesday Blitz February 14 Late 2023"]
[White "Boros, Denes"]
[Black "Remolar Gallen, Jose"]
[WhiteFideId "722340"]
[BlackFideId "2215187"]
[WhiteElo "2406"]
[BlackElo "2285"]
[Result "1-0"]
[Round "06"]
[TimeControl "180+2"]
[Date "2023.02.14"]
[WhiteClock "0:01:58"]
[BlackClock "0:00:04"]

1. e4 c5 2. d4 cxd4 3. Nf3 d6 4. Bc4 Nf6 5. Qxd4 Nc6 6. Qe3 e6 7. Nc3 Be7 8. O-O O-O 9. Nd4 d5 10. exd5 exd5 11. Bb3 Re8 12. Qd3 Ne5 13. Qd1 Bd6 14. Bg5 Neg4 15. h3 h6 16. Bh4 g5 17. Bg3 Bxg3 18. fxg3 Ne3 19. Qf3 Nxf1 20. Rxf1 Kg7 21. Nxd5 Nxd5 22. Qxf7+ Kh8 23. Bxd5 1-0


[Site "https://www.chess.com"]